 Dungeon Crawl Stone Soup version 0.26.1-10-gdfb7c7de75 (webtiles) character file.

Game seed: 15627892242078040874

1997346 Gadrel the Metallomancer (level 27, 246/246 HPs)
             Began as a Demigod Venom Mage on Mar 29, 2021.
             Escaped with the Orb
             ... and 4 runes on Mar 31, 2021!
             The game lasted 05:36:14 (107316 turns).

Gadrel the Metallomancer (Demigod Venom Mage)     Turns: 107316, Time: 05:36:15

Health: 246/246    AC: 22    Str: 18    XL:     27
Magic:  53/53      EV: 17    Int: 52    God:
Gold:   7548       SH: 21    Dex: 14    Spells: 29/66 levels left

rFire    + + +     SeeInvis .   a - +3 Elemental Staff {rElec rF++ rC++ Will++ AC+5}
rCold    + + .     Faith    .   T - +2 kite shield "Owuagoce" {rF+ rN+++ Int+2 Stlth-}
rNeg     + + +     Spirit   .   u - +2 robe {Archmagi}
rPois    .         Reflect  +   y - +2 helmet {Int+3}
rElec    +         Harm     .   q - +2 cloak {rCorr}
rCorr    +         Rampage  .   f - +2 pair of gloves {Str+3}
Will     +++++                  j - +2 pair of boots {Fly}
Stlth    +.........             w - amulet of Virtue {Reflect Int+6 SH+5}
HPRegen  0.91/turn              p - ring of Aloluegh {rC+ Will+ Str+4 Int+4 Dex-2 Stlth+}
MPRegen  0.33/turn              e - ring of Wishful Thinking {Fire +Fly Will+}

@: no status effects
A: talons 1, deformed body, fire resistance 1, high mp 1, regeneration 1
0: Orb of Zot
}: 4/15 runes: decaying, serpentine, slimy, silver
a: Evoke Flight


You escaped.
You visited 10 branches of the dungeon, and saw 54 of its levels.
You visited 1 bazaar.
You visited 1 ziggurat, and saw 18 of its levels.
You also visited: Sewer, Bailey and Ice Cave.

You collected 11409 gold pieces.
You spent 3861 gold pieces at shops.

Inventory:

Hand Weapons
 a - the +3 Elemental Staff (weapon) {rElec rF++ rC++ Will++ AC+5}
   (You took it off a wizard on level 3 of the Depths)

   It affects your AC (+5).
   It greatly protects you from fire.
   It greatly protects you from cold.
   It insulates you from electricity.
   It affects your willpower, your defense against some magical effects.
 b - the +2 hunting sling of Gownesic {vorpal, Will+ Dex+4 Stlth-}
   (You bought it in a shop on level 7 of the Dungeon)

   Any stone fired from it inflicts extra damage.
   It affects your dexterity (+4).
   It affects your willpower, your defense against some magical effects.
   It makes you less stealthy.
 c - a +9 eveningstar of flaming
   (You subdued it on level 2 of the Elven Halls)
Missiles
 g - 272 sling bullets
 t - 30 curare-tipped darts
Armour
 f - a +2 pair of gloves of strength (worn)
   (You found it on level 5 of the Lair of Beasts)
 j - a +2 pair of boots of flying (worn)
   (You found it on level 2 of the Depths)
 q - a +2 cloak of preservation (worn)
   (You took it off Nikola on level 3 of the Depths)
 u - a +2 robe of the Archmagi (worn)
   (You found it on level 5 of the Vaults)
 y - a +2 helmet of intelligence (worn)
   (You found it on level 5 of the Pits of Slime)
 T - the +2 kite shield "Owuagoce" (worn) {rF+ rN+++ Int+2 Stlth-}
   (You found it on level 13 of a ziggurat)

   It affects your intelligence (+2).
   It protects you from fire.
   It renders you almost immune to negative energy.
   It makes you less stealthy.
Jewellery
 e - the ring of Wishful Thinking (right hand) {Fire +Fly Will+}
   (You bought it in a shop on level 9 of the Dungeon)

   [ring of fire]

   It enhances your fire magic.
   It protects you from fire.
   It makes you vulnerable to cold.
   It affects your willpower, your defense against some magical effects.
   It lets you fly.
 p - the ring of Aloluegh (left hand) {rC+ Will+ Str+4 Int+4 Dex-2 Stlth+}
   (You found it on level 5 of the Lair of Beasts)

   [ring of protection from cold]

   It affects your strength (+4).
   It affects your intelligence (+4).
   It affects your dexterity (-2).
   It protects you from cold.
   It affects your willpower, your defense against some magical effects.
   It makes you more stealthy.
 w - the amulet of Virtue (around neck) {Reflect Int+6 SH+5}
   (You found it on level 15 of a ziggurat)

   [amulet of reflection]

   It shields you and reflects attacks.
   It affects your intelligence (+6).
   It affects your SH (+5).
Wands
 d - a wand of digging (19)
   (You found it on level 9 of the Dungeon)
 h - a wand of acid (11)
   (You found it on level 4 of the Dungeon)
 i - a wand of iceblast (43)
   (You found it on level 9 of the Dungeon)
 n - a wand of disintegration (36)
   (You found it on level 6 of the Lair of Beasts)
Scrolls
 o - 23 scrolls of remove curse
 D - 7 scrolls of blinking {!r}
 E - 7 scrolls of fear
 F - 18 scrolls of fog
 K - 12 scrolls of immolation {!r}
 O - 5 scrolls of silence
 P - 3 scrolls of amnesia
 S - a scroll of summoning
 W - 2 scrolls of holy word {!r}
 X - 8 scrolls of magic mapping {!r}
 Y - 30 scrolls of teleportation {!r}
 Z - 25 scrolls of identify
Potions
 B - 11 potions of brilliance
 C - 7 potions of cancellation
 G - 14 potions of ambrosia {!q}
 H - 3 potions of haste
 I - 7 potions of invisibility
 J - 25 potions of curing
 L - 11 potions of flight
 M - 11 potions of might
 N - 14 potions of heal wounds
 Q - a potion of magic
 R - 6 potions of resistance
 U - 9 potions of mutation {!q}
Miscellaneous
 l - a condenser vane
   (You found it on level 3 of the Lair of Beasts)
 m - a phantom mirror
   (You found it on level 1 of the Swamp)
 s - a tin of tremorstones (2/2)
   (You bought it in a shop on level 3 of the Depths)
 v - a lightning rod (4/4)
   (You found it on level 11 of the Dungeon)


   Skills:
 + Level 19.8 Fighting
 - Level 10.0 Maces & Flails
 - Level 2.0 Polearms
 - Level 6.0 Slings
 - Level 8.0 Armour
 - Level 8.0 Dodging
 - Level 1.7 Stealth
 - Level 15.0 Shields
 - Level 20.0 Spellcasting
 - Level 10.0 Conjurations
 - Level 8.0 Necromancy
 - Level 1.0 Transmutations
 - Level 20.0 Fire Magic
 - Level 3.0 Air Magic
 - Level 24.0 Earth Magic
 - Level 10.0 Poison Magic
 - Level 8.0 Evocations


You had 29 spell levels left.
You knew the following spells:

 Your Spells              Type           Power        Failure   Level
a - Ignition              Fire           100%         1%          8
b - Iron Shot             Conj/Erth      87%          1%          6
c - Shatter               Erth           96%          1%          9
d - Tornado               Air            56%          100%        9
g - Borgnjor's Vile Clut  Necr/Erth      85%          0%          5

Your spell library contained the following spells:

 Spells                   Type           Power        Failure   Level
 Animate Skeleton         Necr           100%         0%          1
 Foxfire                  Conj/Fire      100%         0%          1
 Magic Dart               Conj           100%         0%          1
 Sandblast                Erth           100%         0%          1
 Passwall                 Tmut/Erth      100%         0%          2
 Searing Ray              Conj           100%         0%          2
 Sublimation of Blood     Necr           58%          0%          2
 Conjure Flame            Conj/Fire      100%         0%          3
 Ignite Poison            Fire/Tmut/Pois 100%         0%          3
 Stone Arrow              Conj/Erth      100%         0%          3
 Petrify                  Tmut/Erth      100%         0%          4
 Sticky Flame             Conj/Fire      100%         0%          4
 Bolt of Magma            Conj/Fire/Erth 100%         0%          5
 Fireball                 Conj/Fire      97%          0%          5
 Lee's Rapid Deconstruct  Erth           96%          0%          5
 Apportation              Tloc           100%         1%          1
 Beastly Appendage        Tmut           100%         1%          1
 Corona                   Hex            74%          1%          1
 Freeze                   Ice            100%         1%          1
 Shock                    Conj/Air       100%         1%          1
 Sting                    Tmut/Pois      100%         1%          1
 Summon Small Mammal      Summ           100%         1%          1
 Blink                    Tloc           N/A          1%          2
 Call Imp                 Summ           67%          1%          2
 Corpse Rot               Necr/Air       N/A          1%          2
 Ensorcelled Hibernation  Hex/Ice        100%         1%          2
 Poisonous Vapours        Pois/Air       100%         1%          2
 Slow                     Hex            67%          1%          2
 Swiftness                Air            100%         1%          2
 Call Canine Familiar     Summ           67%          1%          3
 Confusing Touch          Hex            67%          1%          3
 Dazzling Flash           Conj/Hex       100%         1%          3
 Gell's Gravitas          Tloc           33%          1%          3
 Lesser Beckoning         Tloc           33%          1%          3
 Mephitic Cloud           Conj/Pois/Air  100%         1%          3
 Ozocubu's Armour         Ice            86%          1%          3
 Portal Projectile        Hex/Tloc       100%         1%          3
 Spider Form              Tmut/Pois      52%          1%          3
 Static Discharge         Conj/Air       100%         1%          3
 Summon Guardian Golem    Hex/Summ       67%          1%          3
 Teleport Other           Tloc           67%          1%          3
 Tukima's Dance           Hex            67%          1%          3
 Airstrike                Air            56%          1%          4
 Animate Dead             Necr           58%          1%          4
 Dispel Undead            Necr           100%         1%          4
 Fulminant Prism          Conj/Hex       51%          1%          4
 Iskenderun's Mystic Bla  Conj/Tloc      100%         1%          4
 Olgreb's Toxic Radiance  Pois           100%         1%          4
 Summon Lightning Spire   Summ/Air       100%         1%          4
 Agony                    Necr           100%         1%          5
 Excruciating Wounds      Necr           58%          1%          5
 Irradiate                Conj/Tmut      52%          1%          5
 Iskenderun's Battlesphe  Conj           100%         1%          5
 Lightning Bolt           Conj/Air       66%          1%          5
 Death Channel            Necr           58%          1%          6
 Starburst                Conj/Fire      97%          1%          6
 Statue Form              Tmut/Erth      100%         1%          6
 Cause Fear               Hex            33%          2%          4
 Ice Form                 Ice/Tmut       91%          2%          4
 Passage of Golubria      Tloc           N/A          2%          4
 Summon Ice Beast         Ice/Summ       86%          2%          4
 Conjure Ball Lightning   Conj/Air       66%          3%          6
 Orb of Destruction       Conj           62%          3%          7
 Blade Hands              Tmut           38%          4%          5
 Silence                  Hex/Air        50%          4%          5
 Eringya's Noxious Bog    Tmut/Pois      52%          4%          6
 Yara's Violent Unravell  Hex/Tmut       36%          6%          5
 Metabolic Englaciation   Hex/Ice        43%          8%          5
 Summon Demon             Summ           33%          8%          5
 Summon Forest            Summ/Tloc      33%          8%          5
 Summon Mana Viper        Hex/Summ       67%          8%          5
 Freezing Cloud           Conj/Ice/Air   72%          8%          6
 Simulacrum               Ice/Necr       59%          9%          6
 Hydra Form               Tmut           38%          28%         6
 Spellforged Servitor     Conj/Summ      51%          30%         7
 Dispersal                Tloc           33%          38%         6
 Invisibility             Hex            67%          38%         6
 Ozocubu's Refrigeration  Ice            43%          38%         6
 Shadow Creatures         Summ           N/A          38%         6
 Dragon Form              Tmut           38%          83%         7
 Summon Hydra             Summ           33%          93%         7
 Discord                  Hex            33%          100%        8
 Disjunction              Tloc           33%          100%        8
 Dragon's Call            Summ           33%          100%        9


Dungeon Overview and Level Annotations

Branches:
Dungeon (15/15)            Temple (0/1) D:4            Lair (6/6) D:11
  Swamp (4/4) Lair:2        Snake (4/4) Lair:4        Slime (5/5) Lair:6
    Orc (2/2) D:9             Elf (3/3) Orc:2        Vaults (5/5) D:14
  Crypt (0/3) Vaults:3     Depths (5/5) D:15            Zot (5/5) Depths:5
  Sewer (visited)          Bailey (visited)           IceCv (visited)

Shops:
D:6 [   D:7 (   D:9 =   D:10 (   D:12 *   Orc:1 (   Orc:2 !=*:   Elf:1 *
Vaults:1 =   Depths:1 :?   Depths:3 [}==

Portals:
Hell: Depths:1 Depths:2 Depths:3 Depths:4 Depths:5
Abyss: Depths:2 Depths:4
Pandemonium: Depths:3

Annotations:
D:9 2 transporters
Lair:1 1 runed translucent door, Imnulubo's ghost, novice TeFE
Lair:6 2 runed translucent doors
Zot:5 1 runed translucent door, olmar's ghost, legendary DDFi


Innate Abilities, Weirdness & Mutations

You have an increased reservoir of magic. (+10% MP)
You have sharp toenails.
Armour fits poorly on your strangely shaped body.
Your flesh is heat resistant. (rF+)
Your natural rate of healing is unusually fast.


Message History

There is a staircase back to the Dungeon, spattered with blood here.
Things that are here:
2 bolts; 2 arrows; 5 large rocks You climb upwards.
Welcome back to the Dungeon!
There is a staircase to the Depths here.
There is an open door here.
There is an open door here.
Things that are here:
a +0 robe; a +0 dagger
Things that are here:
a +0 robe; a +0 dagger
Things that are here:
a +0 robe; a +3 dagger A torturous demonspawn comes into view.
It is wielding a +0 mace.
The torturous demonspawn shouts!
A torturous demonspawn comes into view. It is wielding a +0 glaive.
MP restored: 53
There is a stone staircase leading up here.
You climb upwards.
There is a stone staircase leading down here.
(D) Dungeon (T) Temple (L) Lair (S) Swamp (P) Snake Pit (M) Slime Pits (O) Orcish Mines (E) Elven Halls (V) Vaults (C) Crypt (U) Depths (H) Hell (Z) Zot
Where to? (* - list waypoints, Enter - D:1 @ (x,y), ? - help)
Things that are here:
a +0 robe; a +0 dagger of venom You see here a robe.
A hellwing comes into view.
The hellwing gives a chilling moan.
A ynoxinul comes into view.
The ynoxinul bellows!
There is a stone staircase leading up, spattered with blood here.
The ynoxinul gestures.
You climb upwards.
There is a stone staircase leading down here.
(D) Dungeon (T) Temple (L) Lair (S) Swamp (P) Snake Pit (M) Slime Pits (O) Orcish Mines (E) Elven Halls (V) Vaults (C) Crypt (U) Depths (H) Hell (Z) Zot
Where to? (* - list waypoints, Enter - D:1 @ (x,y), ? - help)
There is a stone staircase leading up here.
You climb upwards.
There is a stone staircase leading down here.
There is a stone staircase leading up here.
You climb upwards.
There is a stone staircase leading down here. 3 orange demons and a cacodemon come into view.
The orange demon screeches! x3
There is a stone staircase leading up here.
The orange demon stings you but does no damage.
You climb upwards.
There is a stone staircase leading down here.
(D) Dungeon (T) Temple (L) Lair (S) Swamp (P) Snake Pit (M) Slime Pits (O) Orcish Mines (E) Elven Halls (V) Vaults (C) Crypt (U) Depths (H) Hell (Z) Zot
Where to? (* - list waypoints, Enter - D:1 @ (x,y), ? - help)
There is a stone staircase leading up here.
You see here 2 arrows.
You climb upwards.
Level annotation: 2 transporters
There is a stone staircase leading down here.
A reaper comes into view. It is wielding a +2 vorpal scythe.
There is a stone staircase leading up here.
The reaper hits you from afar with a +2 vorpal scythe!
You climb upwards.
There is a stone staircase leading down here.
You take 8 damage, and have 238/246 hp.
(D) Dungeon (T) Temple (L) Lair (S) Swamp (P) Snake Pit (M) Slime Pits (O) Orcish Mines (E) Elven Halls (V) Vaults (C) Crypt (U) Depths (H) Hell (Z) Zot
Where to? (* - list waypoints, Enter - D:1 @ (x,y), ? - help)
There is a stone staircase leading up here.
You climb upwards.
There is a stone staircase leading down here.
There is a stone staircase leading up here.
You climb upwards.
There is a stone staircase leading down here.
There is an open door here.
There is an open door here.
There is a stone staircase leading up, spattered with blood here.
You climb upwards.
There is a stone staircase leading down here.
There is an escape hatch in the ceiling here.
A mysterious force pulls you upwards. The hatch slams shut behind you.
There is a stone staircase leading up here.
You climb upwards.
There is a stone staircase leading down here.
There is a stone staircase leading up here.
You climb upwards.
There is a stone staircase leading down here.
You see here a cursed -1 club.
There is a stone staircase leading up here.
You climb upwards.
There is a stone staircase leading down here.
There is a staircase leading out of the dungeon here.
Health restored: 246 You have escaped!

####.#............############.##
####.###.#####.##...........##.##
......)...# #.############.##.#
..........# #..........# #.##.#
####.####.# #..........###.##.# #
#.# #.# #.................# # #.#
#.# #......♣...###.####
#.####.####.....8....# #.#
#)...........@.......# #.#
#####..#####.........# #.# #.##
#.........# #.#### #.#
#.........# #....## #.#
#######.#####.###.# #.#
#...........# #.. ##### #.#
#.###.#####.###.# ....# #.# #.#
#.######...## ###.# #.# #.#
#.........##


There were no monsters in sight!

Vanquished Creatures
  Dissolution (Slime:3)
  the Royal Jelly (Slime:5)
  4 orbs of fire
  A pandemonium lord (Zot:4)
  Mara (Vaults:4)
  7 ancient liches
  2 juggernauts
  the Lernaean hydra (Swamp:4)
  Sojobo (Depths:5)
  4 Killer Klowns (Zot:5)
  Saint Roka (Vaults:1)
  Bai Suzhen (Swamp:3)
  Frederick (Depths:3)
  A shard shrike (Zot:3)
  4 caustic shrikes (Zig:17)
  A curse toe (Zot:5)
  10 golden dragons
  Nikola (Depths:3)
  the Enchantress (Depths:4)
  4 electric golems
  4 iron giants (Zig:17)
  25 Orb Guardians (Zot:5)
  An Ice Fiend (IceCv)
  Jorgrun (Snake:2)
  3 deep elf master archers (Elf:3)
  9 tentacled monstrosities
  7 quicksilver dragons
  4 liches
  3 deep elf blademasters (Zig:11)
  4 titans (Vaults:5)
  25 acid blobs
  The ghost of slughead422 the Severer, an adept MiFi of Zin (Elf:3)
  7 shadow dragons
  Gastronok (D:11)
  An ancient champion (Vaults:3)
  4 thorn hunters
  5 death cobs
  6 sphinxes
  8 draconian monks
  12 azure jellies
  9 tengu reavers
  Kirke (Lair:4)
  11 storm dragons
  6 frost giants
  8 nagarajas
  An orc warlord (D:9)
  15 vault wardens
  11 fire giants
  4 deep elf sorcerers (Elf:3)
  14 iron dragons
  8 deep elf elementalists
  8 draconian knights
  A cacodemon (Zot:2)
  3 ghost moths
  11 draconian shifters
  7 emperor scorpions
  9 draconian scorchers
  5 draconian stormcallers
  19 ironheart preservers
  2 vampire knights
  5 draconian annihilators
  6 war gargoyles
  5 spriggan defenders
  23 very ugly things
  20 stone giants
  17 green draconians
  8 black draconians
  4 deep elf demonologists (Elf:3)
  13 purple draconians
  Nessos (Lair:4)
  11 entropy weavers
  7 spark wasps
  8 white draconians
  6 bunyips
  6 yellow draconians
  11 red draconians
  12 deep elf annihilators
  A green death (Zig:14)
  An eleionoma (shapeshifter) (Vaults:4)
  Snorg (Lair:5)
  9 deep elf death magi
  30 ettins
  A blizzard demon (Depths:3)
  3 eleionomae
  4 merfolk javelineers (Zig:10)
  8 death oozes (Slime:5)
  4 fire dragons
  5 crystal guardians (Zig:17)
  5 jiangshi (Depths:1)
  11 deep elf high priests
  13 great orbs of eyes
  A shambling mangrove (Zig:14)
  17 yaktaur captains
  9 ice dragons
  31 hydras
  34 vault guards
  3 rakshasas
  2 monstrous demonspawn (Zot:4)
  6 naga warriors
  7 spriggan air magi
  Erica (D:11)
  7 boulder beetles
  A ghost crab (Swamp:2)
  2 catoblepae
  8 anacondas
  A merfolk aquamancer (Zig:10)
  A hell beast (Depths:1)
  8 centaur warriors
  A satyr (Zig:10)
  20 ogre magi
  8 alligators
  34 dancing weapons
  4 death knights
  55 two-headed ogres
  The ghost of roke1 the Cleaver, a novice FoFi of Yredelemnul (D:8)
  10 death yaks
  4 deep troll earth magi
  7 deep troll shamans
  6 spriggan berserkers
  7 shock serpents
  11 tengu warriors
  6 orc high priests
  8 naga sharpshooters
  6 vampire magi
  3 iron golems (Zig:17)
  Nergalle (Lair:2)
  21 deep elf knights
  3 salamander mystics
  13 hell knights
  3 sun demons (Depths:1)
  A soul eater (Depths:1)
  7 spriggan druids
  6 iron trolls
  A fire crab (shapeshifter) (Elf:2)
  3 sixfirhies
  23 deep trolls
  6 death drakes
  A sea snake (shapeshifter) (Zig:13)
  4 unseen horrors
  8 goliath frogs
  A storm dragon skeleton (Vaults:3)
  2 sea snakes (Zig:10)
  3 glowing orange brains
  6 naga ritualists
  3 flayed ghosts
  18 swamp dragons
  A deep troll (shapeshifter) (Zig:13)
  10 wizards
  3 obsidian statues
  Pikel (D:3)
  14 bog bodies
  4 lindwurms
  3 orange crystal statues
  5 phantasmal warriors
  18 deep elf archers
  18 ironbrand convokers
  7 harpies
  An orb spider (shapeshifter) (D:13)
  13 orc knights
  A wolf spider zombie (D:15)
  4 necromancers
  47 ugly things
  8 oklob plants
  4 shining eyes
  7 orb spiders
  13 orc sorcerers
  7 wolf spiders
  5 will-o-the-wisps
  A faun (shapeshifter) (Depths:5)
  A harpy (shapeshifter) (Vaults:1)
  5 mana vipers
  62 deep elf magi
  3 manticores
  13 salamanders
  7 cyclopes
  2 fauns (Zig:10)
  5 elephants (Lair:6)
  21 moths of wrath
  6 molten gargoyles
  Psyche (D:9)
  A merfolk siren (Zig:10)
  34 black mambas
  2 guardian serpents
  26 naga magi
  12 cane toads
  A water nymph (shapeshifter) (Zig:13)
  3 gargoyles
  3 ice statues
  4 water nymphs (Zig:10)
  A yaktaur zombie (Vaults:3)
  An eye of devastation (shapeshifter) (Vaults:5)
  15 vault sentinels
  8 eyes of devastation
  7 torpor snails
  3 orange demons
  A kobold demonologist (D:14)
  11 komodo dragons
  5 rime drakes
  A rime drake (shapeshifter) (D:14)
  15 ice devils
  2 efreet
  8 freezing wraiths
  2 yaktaurs (shapeshifter)
  50 yaktaurs
  An ancient zyme (Zig:2)
  3 red devils (Depths:1)
  7 tengu conjurers
  8 demonic crawlers
  13 jumping spiders
  A jumping spider (shapeshifter) (Zig:13)
  9 tyrant leeches
  6 polar bears
  A queen bee (shapeshifter) (Vaults:1)
  A queen bee (Lair:3)
  4 golden dragon simulacra (IceCv)
  5 bloated husks
  A meliai (shapeshifter) (Vaults:1)
  12 trolls
  12 hornets
  Grinder (D:6)
  13 merfolk (Zig:10)
  A raiju (shapeshifter) (Vaults:4)
  5 wind drakes
  Prince Ribbit (D:8)
  A harpy skeleton (D:14)
  18 blink frogs
  102 slime creatures
  5 dream sheep (Lair:6)
  2 blink frogs (shapeshifter)
  A meliai zombie (D:13)
  4 air elementals
  4 tarantellas
  10 redbacks
  3 shadows
  2 ynoxinuls
  A centaur simulacrum (D:14)
  5 water elementals
  5 wraiths
  Sigmund (D:5)
  A dire elephant simulacrum (IceCv)
  13 spriggans
  9 basilisks
  11 fire elementals
  51 yaks
  8 wyverns
  7 vampire mosquitoes
  2 steam dragons (Lair:6)
  2 chaos spawn (Depths:2)
  9 golden eyes
  21 humans (D:14)
  2 iron troll simulacra (IceCv)
  Eustachio (D:4)
  37 nagas
  14 wargs
  A swamp worm (shapeshifter) (Zig:13)
  A harpy simulacrum (IceCv)
  A soldier ant (D:15)
  A naga (shapeshifter) (Vaults:2)
  19 swamp worms
  An acid dragon (shapeshifter) (Vaults:3)
  18 water moccasins
  A hydra simulacrum (IceCv)
  Edmund (D:3)
  6 acid dragons
  A floating eye (Depths:1)
  15 swamp drakes
  5 hell hounds (Lair:6)
  2 hornet zombies
  9 large abominations
  An ice beast (Vaults:4)
  2 sky beasts
  6 black bears
  10 eyes of draining
  69 orc warriors
  A phantom (D:9)
  A necrophage (D:8)
  5 small abominations
  3 wolves (Lair:3)
  47 ogres
  12 boggarts
  A tengu (shapeshifter) (Depths:1)
  28 centaurs
  An ettin simulacrum (IceCv)
  2 big kobolds
  A human skeleton (Vaults:3)
  11 earth elementals
  A wyvern zombie (D:14)
  27 bullfrogs
  2 gnoll sergeants
  4 scorpions
  A water moccasin skeleton (D:9)
  39 killer bees
  4 electric eels
  24 wights
  5 howler monkeys
  7 crimson imps (Depths:1)
  5 lava snakes (Lair:6)
  A bullfrog zombie (D:12)
  A centaur zombie (D:7)
  2 quasits
  5 hounds
  31 orc priests
  7 jellies
  7 centaur skeletons
  An iron imp (Depths:1)
  42 orc wizards
  2 bullfrog skeletons
  Jessica (D:2)
  Natasha (thrice) (D:3)
  4 iguanas
  Terence (D:3)
  7 worker ants
  7 hell rats (Lair:3)
  A worker ant (shapeshifter) (Vaults:3)
  A hound skeleton (D:10)
  2 worker ant zombies
  4 gnolls (Orc:2)
  A river rat (D:4)
  13 adders
  4 shadow imps
  7 white imps
  6 ufetubi
  5 oozes (Lair:6)
  An adder zombie (D:7)
  A worm (shapeshifter) (Vaults:4)
  2 adder skeletons
  6 worms
  3 dart slugs
  14 leopard geckos
  113 orcs
  2 ball pythons
  8 bats
  14 giant cockroaches
  3 goblins (D:2)
  7 hobgoblins
  5 jackals
  4 quokkas
  4 frilled lizards
  22 kobolds
  A leopard gecko skeleton (D:4)
  9 rats
  3 fire vortices (Depths:3)
2839 creatures vanquished.

Vanquished Creatures (others)
  A deep elf annihilator (Elf:1)
  A goliath frog (Zig:14)
  A gargoyle (Zig:17)
  2 humans (Snake:1)
  A swamp drake (Zig:14)
  2 ogres
  A crimson imp (Depths:1)
  20 foxfires
  45 fungi
  129 plants
  3 withered plants
206 creatures vanquished.

Grand Total: 3045 creatures vanquished

Notes
Turn   | Place    | Note
-------+----------+-------------------------------------------
     0 | D:1      | Gadrel the Demigod Venom Mage began the quest for the Orb.
     0 | D:1      | Reached XP level 1. HP: 14/14 MP: 5/5
   174 | D:1      | Reached skill level 1 in Transmutations
   265 | D:1      | Reached skill level 2 in Dodging
   271 | D:1      | Reached XP level 2. HP: 12/22 MP: 1/7
   547 | D:1      | Reached skill level 2 in Spellcasting
   604 | D:1      | Reached skill level 3 in Poison Magic
   627 | D:1      | Learned a level 2 spell: Poisonous Vapours
   735 | D:1      | Reached skill level 1 in Fighting
  1138 | D:2      | Noticed Jessica
  1251 | D:2      | Killed Jessica
  1252 | D:2      | Reached XP level 3. HP: 29/29 MP: 3/8
  1741 | D:2      | Reached skill level 2 in Fighting
  1745 | D:2      | Learned a level 3 spell: Mephitic Cloud
  1909 | D:2      | Reached XP level 4. HP: 22/36 MP: 0/9
  2342 | D:2      | Found a sacrificial altar of Ru.
  2440 | D:2      | Found a glowing silver altar of Zin.
  2440 | D:2      | Noticed an angel
  2618 | D:2      | Reached skill level 1 in Conjurations
  2618 | D:2      | Reached skill level 1 in Air Magic
  3259 | D:3      | Found a faded altar of an unknown god.
  3327 | D:3      | Noticed Terence
  3349 | D:3      | Killed Terence
  3350 | D:3      | Reached skill level 1 in Armour
  3350 | D:3      | Reached skill level 4 in Poison Magic
  3617 | D:3      | Found a radiant altar of Vehumet.
  3777 | D:3      | Noticed Natasha
  3786 | D:3      | Killed Natasha
  3787 | D:3      | Reached XP level 5. HP: 27/41 MP: 2/10
  3787 | D:3      | Noticed Natasha
  3799 | D:3      | HP: 6/41 [Natasha (6)]
  3802 | D:3      | Killed Natasha
  3809 | D:3      | Noticed Natasha
  4248 | D:3      | Killed Natasha
  4249 | D:3      | Reached skill level 2 in Armour
  4249 | D:3      | Reached skill level 2 in Air Magic
  4388 | D:4      | Noticed Edmund
  4404 | D:3      | Killed Edmund
  4405 | D:3      | Reached skill level 3 in Spellcasting
  4405 | D:3      | Reached XP level 6. HP: 48/48 MP: 3/13
  4419 | D:4      | Noticed Pikel
  4519 | D:4      | Found a staircase to the Ecumenical Temple.
  4612 | D:4      | Noticed Eustachio
  4642 | D:3      | HP: 9/48 [orc/+0 dagger (4)]
  4701 | D:4      | Found an opulent altar of Gozag.
  4709 | D:4      | Killed Eustachio
  4710 | D:4      | Reached skill level 5 in Poison Magic
  4785 | D:4      | Reached skill level 3 in Fighting
  4796 | D:4      | Reached XP level 7. HP: 25/57 MP: 4/14
  4806 | D:4      | Found a glowing drain.
  4856 | Sewer    | Entered a sewer
  5117 | Sewer    | Reached skill level 3 in Dodging
  5315 | Sewer    | Reached skill level 1 in Polearms
  5318 | Sewer    | Reached skill level 2 in Polearms
  5606 | D:3      | Killed Pikel
  5607 | D:3      | Reached skill level 2 in Conjurations
  5607 | D:3      | Reached skill level 4 in Spellcasting
  5607 | D:3      | Reached skill level 6 in Poison Magic
  5607 | D:3      | Reached XP level 8. HP: 56/63 MP: 8/17
  6173 | D:5      | Entered Level 5 of the Dungeon
  6211 | D:4      | Reached skill level 3 in Air Magic
  6269 | D:5      | Reached skill level 1 in Evocations
  6328 | D:5      | Noticed Sigmund
  6337 | D:5      | Killed Sigmund
  6338 | D:5      | Reached skill level 2 in Evocations
  6706 | D:5      | Got a vibrating golden ring
  6707 | D:5      | Identified the ring of Dalaez {rElec rC++ rN+ Str+2 Int-2}
                  | (You found it on level 5 of the Dungeon)
  7370 | D:5      | Reached skill level 5 in Spellcasting
  7370 | D:5      | Reached skill level 3 in Evocations
  7727 | D:6      | Reached skill level 3 in Armour
  7796 | D:6      | Learned a level 4 spell: Olgreb's Toxic Radiance
  7800 | D:6      | Learned a level 3 spell: Ignite Poison
  7865 | D:6      | Found Dovinnu's Antique Armour Shoppe.
  7881 | D:6      | Bought a pair of embroidered gloves for 202 gold pieces
  8250 | D:6      | Noticed Grinder
  8256 | D:6      | Killed Grinder
  8257 | D:6      | Reached skill level 7 in Poison Magic
  8257 | D:6      | Reached XP level 9. HP: 69/69 MP: 13/20
  8534 | D:6      | Found a stormy altar of Qazlal.
  8556 | D:6      | Found a blossoming altar of Fedhas.
  8898 | D:7      | Found a flagged portal.
  8907 | Bailey   | Entered a bailey
  8923 | Bailey   | Reached skill level 8 in Poison Magic
  9299 | Bailey   | Reached skill level 4 in Fighting
  9434 | Bailey   | Reached skill level 5 in Fighting
  9579 | Bailey   | Reached skill level 4 in Dodging
  9791 | Bailey   | Reached skill level 5 in Dodging
 10636 | D:7      | Reached skill level 6 in Spellcasting
 10637 | D:7      | Reached XP level 10. HP: 81/81 MP: 10/22
 11258 | D:7      | Found Tadusuyco's Antique Weapon Boutique.
 11317 | D:7      | Bought a scorched hunting sling for 195 gold pieces
 11317 | D:7      | Identified the +2 hunting sling of Gownesic {vorpal, Will+
                  | Dex+4 Stlth-} (You bought it in a shop on level 7 of the
                  | Dungeon)
 11950 | D:8      | Reached skill level 1 in Slings
 12048 | D:8      | Found a broken altar of Ashenzari.
 12272 | D:8      | Noticed Prince Ribbit
 12283 | D:8      | Killed Prince Ribbit
 12284 | D:8      | Reached skill level 2 in Slings
 12444 | D:8      | Reached skill level 9 in Poison Magic
 12539 | D:8      | Noticed roke1's ghost (novice FoFi)
 12539 | D:8      | Noticed a moth of wrath
 12540 | D:8      | Found a bloodstained altar of Trog.
 12563 | D:8      | Found a transporter.
 12582 | D:8      | Found a transporter.
 12613 | D:8      | Found an ornate altar of the Wu Jian Council.
 12662 | D:8      | Found a hazy altar of Hepliaklqana.
 12866 | D:8      | Killed a moth of wrath
 12867 | D:8      | Reached skill level 3 in Slings
 12996 | D:8      | Killed roke1's ghost
 12997 | D:8      | Reached skill level 4 in Slings
 13364 | D:6      | Bought an embroidered hat for 189 gold pieces
 13485 | D:9      | Noticed Psyche
 13490 | D:9      | Killed Psyche
 13491 | D:9      | Reached skill level 1 in Shields
 13491 | D:9      | Reached skill level 10 in Poison Magic
 13554 | D:9      | Found a staircase to the Orcish Mines.
 13567 | D:9      | Found Wuigoidu's Jewellery Shoppe.
 13604 | D:9      | Reached skill level 2 in Shields
 13632 | D:9      | Reached skill level 3 in Shields
 13800 | D:9      | Found a roughly hewn altar of Beogh.
 13877 | D:9      | Found a transporter.
 13884 | D:9      | Found a transporter.
 13885 | D:9      | Noticed a great orb of eyes
 14257 | D:9      | Found a shimmering blue altar of Sif Muna.
 14490 | D:9      | Found a viscous altar of Jiyva.
 14511 | D:10     | Entered Level 10 of the Dungeon
 14511 | D:10     | Found Ydasufe's Weapon Shoppe.
 14616 | D:10     | Reached skill level 4 in Shields
 14616 | D:10     | Reached XP level 11. HP: 86/86 MP: 15/24
 14675 | D:10     | Killed an unseen horror
 14676 | D:10     | Reached skill level 4 in Evocations
 15176 | D:10     | Reached skill level 5 in Evocations
 15793 | D:10     | HP: 14/88 [very large slime creature (28)]
 16744 | D:10     | Reached skill level 6 in Fighting
 16899 | D:10     | Reached skill level 7 in Spellcasting
 17176 | D:11     | Noticed Gastronok
 17240 | D:11     | Killed Gastronok
 17241 | D:11     | Reached skill level 7 in Fighting
 17342 | D:11     | Noticed a two-headed ogre
 17350 | D:11     | Killed a two-headed ogre
 17491 | D:11     | Reached skill level 8 in Spellcasting
 17803 | D:11     | Killed an unseen horror
 17804 | D:11     | Reached skill level 8 in Fighting
 17861 | D:11     | Noticed Erica
 17864 | D:11     | Noticed a boulder beetle
 17969 | D:11     | Killed Erica
 17970 | D:11     | Reached skill level 3 in Conjurations
 17970 | D:11     | Reached skill level 1 in Earth Magic
 17977 | D:11     | Killed a boulder beetle
 17978 | D:11     | Reached XP level 12. HP: 73/101 MP: 6/28
 18423 | D:11     | Reached skill level 2 in Earth Magic
 18684 | D:11     | Found a staircase to the Lair.
 18771 | Lair:1   | Entered Level 1 of the Lair of Beasts
 18849 | Lair:1   | Found a runed translucent door.
 18850 | Lair:1   | Found a shimmering altar of Xom.
 18850 | Lair:1   | Noticed Imnulubo's ghost (novice TeFE)
 19160 | Lair:1   | Reached skill level 4 in Conjurations
 19167 | Lair:1   | Reached skill level 5 in Slings
 19199 | Lair:1   | Reached skill level 3 in Earth Magic
 19454 | Lair:1   | HP: 15/101 [polar bear (22)]
 20186 | Lair:1   | Learned a level 5 spell: Bolt of Magma
 20873 | Lair:2   | Reached skill level 1 in Fire Magic
 21152 | Lair:2   | Found a staircase to the Swamp.
 21282 | Lair:2   | Reached skill level 5 in Conjurations
 21440 | Lair:2   | Noticed Nergalle
 21452 | Lair:2   | Killed Nergalle
 21453 | Lair:2   | Reached skill level 4 in Earth Magic
 21544 | Lair:2   | Reached skill level 2 in Fire Magic
 21684 | Lair:2   | Reached skill level 6 in Slings
 22251 | Lair:2   | Reached skill level 3 in Fire Magic
 22422 | Lair:3   | Reached skill level 5 in Earth Magic
 22567 | Lair:3   | Reached skill level 4 in Fire Magic
 22913 | Lair:3   | Noticed an eight-headed hydra
 22918 | Lair:3   | Killed an eight-headed hydra
 23010 | Lair:3   | Reached skill level 5 in Fire Magic
 23060 | Lair:3   | Noticed a four-headed hydra
 23244 | Lair:3   | Killed a four-headed hydra
 23728 | Lair:3   | Reached XP level 13. HP: 107/107 MP: 25/29
 24099 | Lair:3   | Reached skill level 6 in Conjurations
 24099 | Lair:3   | Reached skill level 6 in Fire Magic
 25222 | Lair:4   | Got a jewelled mace
 25223 | Lair:4   | Identified the cursed +2 mace "Qoprezuoc" {freeze, rN+
                  | Str+4} (You found it on level 4 of the Lair of Beasts)
 25494 | Lair:4   | Found a staircase to the Snake Pit.
 25757 | Lair:4   | Got heavily runed quicksilver dragon scales
 25768 | Lair:4   | Identified the quicksilver dragon scales of Dull
                  | Satisfaction {Will+ Int+4} (You found it on level 4 of the
                  | Lair of Beasts)
 25846 | Lair:4   | Noticed Nessos
 25869 | Lair:4   | Killed Nessos
 25870 | Lair:4   | Reached skill level 1 in Maces & Flails
 26681 | Lair:5   | Reached skill level 2 in Maces & Flails
 27140 | Lair:5   | Reached skill level 7 in Conjurations
 27140 | Lair:5   | Reached skill level 7 in Fire Magic
 27140 | Lair:5   | Reached skill level 6 in Earth Magic
 27590 | Lair:5   | Noticed Snorg
 27598 | Lair:5   | Killed Snorg
 27599 | Lair:5   | Reached skill level 3 in Maces & Flails
 28202 | Lair:5   | Got a sparkling copper ring
 28204 | Lair:5   | Identified the ring of Aloluegh {rC+ Will+ Str+4 Int+4
                  | Dex-2 Stlth+} (You found it on level 5 of the Lair of
                  | Beasts)
 28291 | Lair:6   | Entered Level 6 of the Lair of Beasts
 29106 | Lair:6   | Reached skill level 4 in Maces & Flails
 29195 | Lair:6   | Reached skill level 7 in Earth Magic
 29221 | Lair:6   | Reached skill level 8 in Conjurations
 29265 | Lair:6   | Reached skill level 8 in Fire Magic
 29287 | Lair:6   | Reached XP level 14. HP: 67/115 MP: 9/30
 29461 | Lair:6   | Reached skill level 5 in Maces & Flails
 29858 | Lair:6   | Found a staircase to the Slime Pits.
 30234 | Lair:6   | Found a large runed translucent door.
 30234 | Lair:6   | Found a large runed translucent door.
 30354 | Lair:6   | Reached skill level 8 in Earth Magic
 31009 | Lair:6   | Reached skill level 6 in Maces & Flails
 31179 | Lair:6   | Identified the Incunabulum of Earth and Poisoning
 31209 | Lair:6   | Got a crude glass ring
 31211 | Lair:6   | Identified the ring "Eloil" {Will- Str+6 Int+5 Dex+4
                  | Stlth+} (You found it on level 6 of the Lair of Beasts)
 31231 | Lair:6   | Learned a level 5 spell: Fireball
 31622 | Orc:1    | Entered Level 1 of the Orcish Mines
 31622 | Orc:1    | Found Hausaes's Antique Weapon Emporium.
 31637 | Orc:1    | Noticed an orc warlord
 31753 | D:9      | Killed an orc warlord
 31754 | D:9      | Reached skill level 7 in Maces & Flails
 32541 | Orc:1    | Reached skill level 8 in Maces & Flails
 32910 | Orc:2    | Entered Level 2 of the Orcish Mines
 33019 | Orc:2    | Found a staircase to the Elven Halls.
 33031 | Orc:2    | Found a roughly hewn altar of Beogh.
 33235 | Orc:2    | Found a roughly hewn altar of Beogh.
 33338 | Orc:2    | Found a roughly hewn altar of Beogh.
 34172 | Orc:2    | Found Plog's Book Boutique.
 34172 | Orc:2    | Found Surruur's Assorted Antiques.
 34173 | Orc:2    | Found Haciemuz's Distillery.
 34177 | Orc:2    | Found Seheh's Jewellery Shop.
 34188 | Orc:2    | Bought a scroll labelled HAFATU TAAVELU for 29 gold pieces
 34188 | Orc:2    | Bought a scroll of identify for 58 gold pieces
 34188 | Orc:2    | Bought a scroll of identify for 58 gold pieces
 34857 | Orc:2    | Reached skill level 9 in Fighting
 34963 | Orc:2    | Bought a crude leather armour for 203 gold pieces
 34973 | Orc:2    | Identified the cursed +1 leather armour of Failure {Harm
                  | Str+2 Slay+3} (You bought it in a shop on level 2 of the
                  | Orcish Mines)
 35029 | Orc:1    | Bought a twisted whip for 165 gold pieces
 35029 | Orc:1    | Identified the cursed +2 whip of Yredelemnul's Envy
                  | {vorpal, MP+9 Str+2 Int+2} (You bought it in a shop on
                  | level 1 of the Orcish Mines)
 35150 | D:6      | Bought a dazzling leather armour for 189 gold pieces
 35150 | D:6      | Bought an embroidered robe for 99 gold pieces
 35170 | D:6      | Identified the +2 leather armour "Ziahish" {Dex+9} (You
                  | bought it in a shop on level 6 of the Dungeon)
 35371 | D:9      | Bought the ring of Wishful Thinking {Fire +Fly Will+} for
                  | 595 gold pieces
 35540 | Snake:1  | Entered Level 1 of the Snake Pit
 35803 | Snake:1  | Noticed Kirke
 35804 | Snake:1  | Reached skill level 9 in Spellcasting
 35819 | Lair:4   | HP: 28/118 [poisoned by a black mamba]
 35824 | Lair:4   | HP: 19/118 [poisoned by a black mamba]
 35829 | Lair:4   | HP: 14/118 [poisoned by a black mamba]
 35834 | Lair:4   | HP: 11/118 [poisoned by a black mamba]
 35839 | Lair:4   | HP: 11/118 [poisoned by a black mamba]
 35845 | Lair:4   | HP: 11/118 [poisoned by a black mamba]
 35850 | Lair:4   | HP: 12/118 [poisoned by a black mamba]
 35857 | Lair:4   | HP: 15/118 [poisoned by a black mamba]
 35865 | Lair:4   | HP: 19/118 [poisoned by a black mamba]
 36018 | Lair:4   | Killed Kirke
 37475 | Snake:2  | Reached skill level 9 in Conjurations
 37475 | Snake:2  | Reached skill level 9 in Fire Magic
 37492 | Snake:2  | Reached XP level 15. HP: 117/124 MP: 21/32
 37689 | Snake:2  | Reached skill level 4 in Armour
 37830 | Snake:2  | Reached skill level 5 in Armour
 38084 | Snake:2  | Noticed a nagaraja
 38088 | Snake:2  | Killed a nagaraja
 38090 | Snake:2  | Noticed Jorgrun
 38109 | Snake:2  | Killed Jorgrun
 38272 | Snake:2  | Got a heavily runed ring mail
 38283 | Snake:2  | Identified the +4 ring mail of Ysawnep {rPois rF+ rCorr
                  | Stlth-} (You found it on level 2 of the Snake Pit)
 38495 | Snake:2  | Reached skill level 10 in Fire Magic
 38911 | Snake:2  | Noticed a nagaraja
 38914 | Snake:2  | Killed a nagaraja
 39038 | Snake:3  | Noticed a nagaraja
 39272 | Snake:3  | Killed a nagaraja
 39387 | Snake:3  | Reached skill level 11 in Fire Magic
 40277 | Snake:3  | Noticed a nagaraja
 40289 | Snake:3  | Killed a nagaraja
 40748 | Snake:3  | Found Soipsid's Assorted Antiques.
 41320 | Snake:4  | Entered Level 4 of the Snake Pit
 41803 | Snake:4  | Reached skill level 12 in Fire Magic
 42228 | Snake:4  | Noticed a nagaraja
 42233 | Snake:4  | Killed a nagaraja
 42408 | Snake:4  | Reached skill level 10 in Spellcasting
 42506 | Snake:4  | Noticed a nagaraja
 42510 | Snake:4  | Killed a nagaraja
 42550 | Snake:4  | Noticed a nagaraja
 42559 | Snake:4  | Killed a nagaraja
 42964 | Snake:4  | Reached XP level 16. HP: 131/132 MP: 5/35
 43584 | Snake:4  | Got a serpentine rune of Zot
 43590 | Snake:4  | Reached skill level 13 in Fire Magic
 44893 | Swamp:1  | Entered Level 1 of the Swamp
 45049 | Lair:2   | Reached skill level 5 in Shields
 46724 | Swamp:2  | Reached skill level 6 in Shields
 47384 | Swamp:2  | Reached skill level 14 in Fire Magic
 47664 | Swamp:2  | Learned a level 5 spell: Borgnjor's Vile Clutch
 47689 | Swamp:3  | Reached skill level 1 in Necromancy
 47836 | Swamp:3  | Reached skill level 2 in Necromancy
 47957 | Swamp:2  | Reached skill level 3 in Necromancy
 48114 | Swamp:2  | Reached skill level 4 in Necromancy
 48927 | Swamp:4  | Entered Level 4 of the Swamp
 48956 | Swamp:4  | Reached skill level 5 in Necromancy
 49249 | Swamp:4  | HP: 22/132 [six-headed hydra (12)]
 49429 | Swamp:4  | Reached skill level 6 in Necromancy
 49662 | Swamp:4  | Reached skill level 7 in Necromancy
 49916 | Swamp:4  | Noticed Bai Suzhen
 49926 | Swamp:3  | HP: 6/132 [tree collision (34)]
 49930 | Swamp:3  | Killed Bai Suzhen
 49931 | Swamp:3  | Reached skill level 8 in Necromancy
 50318 | Swamp:4  | Reached XP level 17. HP: 137/137 MP: 25/36
 50950 | Swamp:4  | Noticed the 27-headed Lernaean hydra
 50956 | Swamp:4  | Killed the 27-headed Lernaean hydra
 50967 | Swamp:4  | Reached skill level 15 in Fire Magic
 51105 | Swamp:4  | Got a decaying rune of Zot
 52059 | D:12     | Reached skill level 6 in Evocations
 52704 | D:12     | Found Caibrur's General Store.
 53464 | D:13     | Reached skill level 7 in Evocations
 54856 | D:14     | Found a gate to the Vaults.
 54865 | D:14     | Reached skill level 8 in Evocations
 55016 | D:14     | Reached skill level 7 in Shields
 55561 | D:15     | Entered Level 15 of the Dungeon
 56236 | D:15     | Reached skill level 8 in Shields
 57332 | D:15     | Found a staircase to the Depths.
 57395 | D:15     | Learned a level 8 spell: Ignition
 57577 | Elf:1    | Entered Level 1 of the Elven Halls
 57580 | Elf:1    | Reached skill level 9 in Shields
 58127 | Elf:1    | Found Macougog's Assorted Antiques.
 58251 | Elf:1    | Bought a jewelled helmet for 323 gold pieces
 58265 | Elf:1    | Identified the +0 helmet of the Dragon {rElec rF+} (You
                  | bought it in a shop on level 1 of the Elven Halls)
 58389 | Elf:1    | Reached skill level 10 in Shields
 58625 | Elf:1    | Found a portal to a secret trove of treasure.
 58950 | Elf:1    | Identified the Collected Works on Arcane Weapons
 59136 | Elf:1    | Reached XP level 18. HP: 137/145 MP: 32/37
 59395 | Elf:1    | Identified 2 scrolls of acquirement
 59396 | Elf:1    | Acquired 1320 gold pieces
 59398 | Elf:1    | Acquired a book of the Sky
 59753 | Elf:2    | HP: 36/145 [+5 scimitar of holy wrath (4)]
 60140 | Elf:2    | Got a scorched kite shield
 60572 | Elf:2    | Found a runed translucent gate.
 60572 | Elf:2    | Found a runed translucent gate.
 60572 | Elf:2    | Found a runed translucent gate.
 60714 | Elf:2    | Identified the +5 kite shield of Zokeik {rElec rPois rC++
                  | Int-5} (You found it on level 2 of the Elven Halls)
 60780 | Elf:2    | Reached skill level 11 in Spellcasting
 61787 | Elf:2    | Reached skill level 16 in Fire Magic
 62201 | Elf:3    | Entered Level 3 of the Elven Halls
 62324 | Elf:3    | Found a frozen archway.
 62339 | IceCv    | Entered an ice cave
 63329 | Elf:3    | Found a runed translucent door.
 63329 | Elf:3    | Found a shimmering altar of Xom.
 63329 | Elf:3    | Noticed slughead422's ghost (adept MiFi)
 63339 | Elf:3    | Killed slughead422's ghost
 64369 | Elf:3    | Reached skill level 9 in Maces & Flails
 64369 | Elf:3    | Reached skill level 12 in Spellcasting
 64523 | Elf:3    | HP: 36/145 [poisoned by a deep elf annihilator (poison
                  | arrow)]
 64528 | Elf:3    | HP: 33/145 [poisoned by a deep elf annihilator (poison
                  | arrow)]
 64533 | Elf:3    | HP: 33/145 [poisoned by a deep elf annihilator (poison
                  | arrow)]
 64539 | Elf:3    | HP: 34/145 [poisoned by a deep elf annihilator (poison
                  | arrow)]
 64544 | Elf:3    | HP: 35/145 [poisoned by a deep elf annihilator (poison
                  | arrow)]
 64551 | Elf:3    | HP: 31/145 [poisoned by a deep elf annihilator (poison
                  | arrow)]
 64559 | Elf:3    | HP: 34/145 [poisoned by a deep elf annihilator (poison
                  | arrow)]
 64789 | Elf:3    | Reached XP level 19. HP: 116/150 MP: 26/40
 65024 | Elf:3    | Identified the ring of Otegyb {Ice +Blink rElec Stlth-}
 65123 | Elf:3    | Reached skill level 10 in Maces & Flails
 65223 | Elf:3    | Reached skill level 17 in Fire Magic
 65502 | Elf:3    | Identified the cursed +0 long sword of the Seven Scars
                  | {flame, Int+5}
 65603 | Elf:3    | Got a shimmering silver ring
 65604 | Elf:3    | Identified the ring of Ostyst {rPois Will+} (You found it
                  | on level 3 of the Elven Halls)
 65666 | Elf:3    | Got an ancient robe
 65677 | Elf:3    | Identified the +1 robe of Galalau {rCorr SInv} (You found
                  | it on level 3 of the Elven Halls)
 65693 | Elf:3    | Got a shimmering kite shield
 65704 | Elf:3    | Identified the +9 kite shield of Midnight {rF+ Will- Dex+7
                  | Stlth-} (You found it on level 3 of the Elven Halls)
 65742 | Elf:3    | Got a dazzling scale mail
 65745 | Elf:3    | Got a dazzling dagger
 66150 | Vaults:1 | Entered Level 1 of the Vaults
 66471 | Vaults:1 | Found a basalt altar of Yredelemnul.
 66482 | Vaults:1 | Found Xuots's Jewellery Shop.
 67268 | Vaults:1 | Noticed Saint Roka
 67297 | Vaults:1 | Killed Saint Roka
 69135 | Vaults:2 | Reached skill level 13 in Spellcasting
 69151 | Vaults:2 | Reached skill level 18 in Fire Magic
 70762 | Vaults:2 | Reached skill level 11 in Shields
 70931 | Vaults:2 | You fall into a shaft and drop 2 floors!
 70955 | Vaults:3 | Reached XP level 20. HP: 153/158 MP: 26/43
 71031 | Vaults:3 | Found a flickering gateway to a bazaar.
 71040 | Bazaar   | Entered a bazaar
 71040 | Bazaar   | Found Faih Duepui's General Store.
 71047 | Bazaar   | Found Oleff's Magic Scroll Shoppe.
 71055 | Bazaar   | Bought a scroll of blinking for 82 gold pieces
 71055 | Bazaar   | Found Cokkiwee's Gadget Shoppe.
 71066 | Bazaar   | Found Kaleec's Antique Weapon Boutique.
 71077 | Bazaar   | Found Yhougagy's Antique Armour Emporium.
 71085 | Bazaar   | Bought a jewelled leather armour for 196 gold pieces
 71095 | Bazaar   | Identified the +3 leather armour "Joomirhu" {Will+ Dex+5}
                  | (You bought it in a shop in a bazaar)
 71122 | Bazaar   | Bought a potion of heal wounds for 55 gold pieces
 71122 | Bazaar   | Bought a scroll of teleportation for 33 gold pieces
 72184 | Vaults:3 | Reached skill level 14 in Spellcasting
 72750 | Vaults:3 | Reached skill level 12 in Shields
 73022 | Vaults:3 | Found a staircase to the Crypt.
 73278 | Vaults:4 | Noticed Mara
 73289 | Vaults:4 | Killed Mara
 73365 | Vaults:4 | Reached skill level 13 in Shields
 73677 | Vaults:4 | Reached skill level 15 in Spellcasting
 74278 | Vaults:4 | Got a masterwork ring mail
 74279 | Vaults:4 | Identified the +9 ring mail "Ixtip" {rElec rPois rF-} (You
                  | found it on level 4 of the Vaults)
 74687 | Vaults:4 | Reached skill level 14 in Shields
 74943 | Vaults:4 | Got a faintly glowing long sword
 75112 | Vaults:5 | Entered Level 5 of the Vaults
 75112 | Vaults:5 | Found the ring of the Hare {EV+8}
 75114 | Vaults:5 | Reached XP level 21. HP: 156/165 MP: 37/46
 75126 | Vaults:5 | Reached skill level 15 in Shields
 75754 | Vaults:4 | Reached skill level 10 in Fighting
 75907 | Vaults:5 | Noticed a golden dragon
 76495 | Vaults:4 | Killed a golden dragon
 76738 | Vaults:5 | Reached skill level 19 in Fire Magic
 76919 | Vaults:5 | Identified the ring "Abistaz" {*Drain rPois MP+9 Str+3
                  | Dex+2}
 77062 | Vaults:5 | Reached skill level 6 in Armour
 77630 | Vaults:5 | HP: 39/168 [ettin/+3 dire flail (10)]
 77830 | Vaults:5 | Got a silver rune of Zot
 77860 | Vaults:5 | Identified the ring of Xom's Best Wishes {rF+ Will+}
 78117 | Vaults:5 | Found the +8 storm bow {elec, penet}
 78316 | Vaults:5 | Found the +8 mithril axe "Arga" {speed, Will+}
 78361 | Vaults:5 | Noticed an ancient lich
 78373 | Vaults:5 | Reached skill level 7 in Armour
 78387 | Vaults:5 | Killed an ancient lich
 79602 | Lair:1   | Learned a level 6 spell: Iron Shot
 79750 | Slime:1  | Entered Level 1 of the Pits of Slime
 79917 | Slime:1  | Reached XP level 22. HP: 174/174 MP: 23/47
 80298 | Slime:2  | Reached skill level 8 in Armour
 80380 | Slime:3  | Noticed Dissolution
 80384 | Slime:3  | Killed Dissolution
 80541 | Slime:4  | Gained mutation: You tend to lose your temper in combat. [a
                  | shining eye]
 80827 | Slime:5  | Entered Level 5 of the Pits of Slime
 81089 | Slime:5  | Reached skill level 9 in Earth Magic
 81093 | Slime:5  | Noticed the Royal Jelly
 81096 | Slime:5  | Killed the Royal Jelly
 81097 | Slime:5  | Reached skill level 10 in Conjurations
 81614 | Slime:5  | Reached skill level 20 in Fire Magic
 81617 | Slime:5  | Reached skill level 10 in Earth Magic
 81954 | Slime:5  | Found the +9 staff of Olgreb {rPois∞}
 81968 | Slime:5  | Got a slimy rune of Zot
 81988 | Slime:5  | Got a pitted turquoise ring
 81992 | Slime:5  | Identified the ring of Xom's Ringing Laughter {Will+ Str+4
                  | Stlth-} (You found it on level 5 of the Pits of Slime)
 82355 | Lair:1   | Learned a level 9 spell: Shatter
 82365 | Lair:1   | Learned a level 9 spell: Tornado
 82369 | Lair:1   | Lost mutation: You tend to lose your temper in combat.
                  | [potion of mutation]
 82369 | Lair:1   | Gained mutation: You do not regenerate when monsters are
                  | visible. [potion of mutation]
 82369 | Lair:1   | Gained mutation: Your system is resistant to poisons.
                  | (rPois) [potion of mutation]
 82369 | Lair:1   | Gained mutation: Your spells are a little harder to cast,
                  | but a little more powerful. [potion of mutation]
 82369 | Lair:1   | Gained mutation: You possess an exceptional clarity of
                  | mind. [potion of mutation]
 82370 | Lair:1   | Lost mutation: You possess an exceptional clarity of mind.
                  | [potion of mutation]
 82370 | Lair:1   | Lost mutation: Your spells are a little harder to cast, but
                  | a little more powerful. [potion of mutation]
 82370 | Lair:1   | Lost mutation: Your system is resistant to poisons. (rPois)
                  | [potion of mutation]
 82370 | Lair:1   | Gained mutation: You have large cloven feet. [potion of
                  | mutation]
 82370 | Lair:1   | Gained mutation: You can translocate small distances at
                  | will. [potion of mutation]
 82370 | Lair:1   | Gained mutation: You are partially covered in icy blue
                  | scales. (AC +2) [potion of mutation]
 82371 | Lair:1   | Lost mutation: You do not regenerate when monsters are
                  | visible. [potion of mutation]
 82371 | Lair:1   | Lost mutation: You have large cloven feet. [potion of
                  | mutation]
 82371 | Lair:1   | Gained mutation: You passively map a small area around you.
                  | [potion of mutation]
 82371 | Lair:1   | Gained mutation: Your body sometimes deteriorates upon
                  | taking damage. [potion of mutation]
 82371 | Lair:1   | Gained mutation: You are dopey. (Int -2) [potion of
                  | mutation]
 82371 | Lair:1   | Gained mutation: You are partially covered in iridescent
                  | scales. (AC +2) [potion of mutation]
 82372 | Lair:1   | Lost mutation: Your body sometimes deteriorates upon taking
                  | damage. [potion of mutation]
 82372 | Lair:1   | Lost mutation: You can translocate small distances at will.
                  | [potion of mutation]
 82372 | Lair:1   | Lost mutation: You are dopey. (Int -2) [potion of mutation]
 82372 | Lair:1   | Lost mutation: You passively map a small area around you.
                  | [potion of mutation]
 82372 | Lair:1   | Gained mutation: You are partially covered in thin metallic
                  | scales. (AC +2) [potion of mutation]
 82372 | Lair:1   | Gained mutation: You have a pair of small horns on your
                  | head. [potion of mutation]
 82372 | Lair:1   | Gained mutation: Your natural rate of healing is unusually
                  | fast. [potion of mutation]
 82373 | Lair:1   | Lost mutation: You are partially covered in icy blue
                  | scales. (AC +2) [potion of mutation]
 82373 | Lair:1   | Lost mutation: You have a pair of small horns on your head.
                  | [potion of mutation]
 82373 | Lair:1   | Gained mutation: Your flesh is heat resistant. (rF+)
                  | [potion of mutation]
 82373 | Lair:1   | Gained mutation: Your spells are a little easier to cast,
                  | but a little less powerful. [potion of mutation]
 82373 | Lair:1   | Gained mutation: You are agile. (Dex +2) [potion of
                  | mutation]
 82379 | Lair:1   | Lost mutation: You are partially covered in iridescent
                  | scales. (AC +2) [potion of mutation]
 82379 | Lair:1   | Lost mutation: Your spells are a little easier to cast, but
                  | a little less powerful. [potion of mutation]
 82379 | Lair:1   | Lost mutation: You are partially covered in thin metallic
                  | scales. (AC +2) [potion of mutation]
 82379 | Lair:1   | Lost mutation: You are agile. (Dex +2) [potion of mutation]
 82379 | Lair:1   | Gained mutation: You have sharp toenails. [potion of
                  | mutation]
 82508 | Depths:1 | Entered Level 1 of the Depths
 83389 | Depths:1 | Reached skill level 11 in Fighting
 83784 | Depths:1 | Reached skill level 11 in Earth Magic
 83981 | Depths:1 | Found Warghajygg's Magic Scroll Shoppe.
 83981 | Depths:1 | Found Couts's Book Emporium.
 84309 | Depths:1 | Bought a scroll of summoning for 218 gold pieces
 84309 | Depths:1 | Bought a scroll of blinking for 172 gold pieces
 85294 | Depths:1 | Found a gateway to Hell.
 85705 | Depths:2 | Reached skill level 12 in Fighting
 85806 | Depths:2 | Found a gateway to a ziggurat.
 86016 | Depths:2 | Reached XP level 23. HP: 188/188 MP: 35/48
 86074 | Depths:2 | Reached skill level 12 in Earth Magic
 86318 | Depths:2 | Reached skill level 6 in Dodging
 87528 | Depths:2 | Found the cursed +14 obsidian axe {vorpal, +Fly SInv
                  | *Curse}
 87586 | Depths:2 | Reached skill level 7 in Dodging
 87660 | Depths:2 | Got a slimy spear
 87671 | Depths:2 | Identified Sif Muna's Handbook of the Mountains and
                  | Confrontation
 87979 | Depths:2 | Found a one-way gate to the infinite horrors of the Abyss.
 88351 | Depths:3 | Reached skill level 13 in Earth Magic
 88389 | Depths:3 | Found Dodar's Antique Armour Shop.
 88398 | Depths:3 | Reached skill level 8 in Dodging
 88489 | Depths:3 | Noticed Frederick
 88493 | Depths:3 | Killed Frederick
 89295 | Depths:3 | Identified the +9 war axe of Ambiguity {venom, Str+6 SInv
                  | Stlth-}
 89449 | Depths:3 | Noticed Nikola
 89616 | Depths:3 | Reached skill level 14 in Earth Magic
 89697 | Depths:3 | Killed Nikola
 90116 | Depths:3 | Got a crystal dagger
 90454 | Depths:3 | Found a one-way gate leading to the halls of Pandemonium.
 90510 | Depths:3 | Found Noseod's Jewellery Emporium.
 90511 | Depths:3 | Found Zusuwn's Gadget Shop.
 90512 | Depths:3 | Found Keiceblu's Jewellery Emporium.
 90520 | Depths:3 | Bought a tin of tremorstones (2/2) for 800 gold pieces
 91054 | Depths:3 | Identified Vadady's Guide on Ignition
 91057 | Depths:3 | Identified the Volume of the Birds
 92633 | Depths:4 | Noticed the Enchantress
 92640 | Depths:4 | Killed the Enchantress
 92641 | Depths:4 | Reached skill level 15 in Earth Magic
 93109 | Depths:4 | Reached XP level 24. HP: 195/195 MP: 33/49
 93268 | Depths:4 | Reached skill level 16 in Spellcasting
 93818 | Depths:4 | Reached skill level 16 in Earth Magic
 94369 | Depths:4 | Noticed a juggernaut
 94374 | Depths:4 | Killed a juggernaut
 94686 | Depths:4 | Got a masterwork broad axe
 94687 | Depths:4 | Identified the cursed +0 broad axe of Iczisch {drain, rPois
                  | rF+ rC+ Will+} (You found it on level 4 of the Depths)
 94805 | Depths:4 | Paralysed by a floating eye for 4 turns
 95349 | Depths:5 | Entered Level 5 of the Depths
 95708 | Depths:5 | Reached skill level 17 in Earth Magic
 96569 | Depths:5 | Noticed Sojobo
 96595 | Depths:5 | Killed Sojobo
 97069 | Depths:5 | Reached skill level 18 in Earth Magic
 97528 | Depths:5 | Found a gate to the Realm of Zot.
 97987 | Depths:5 | Upgraded the game from 0.26.1-2-gb8aa6d0cf2 to
                  | 0.26.1-10-gdfb7c7de75
 98149 | Depths:2 | Acquired the amulet "Wuybleci" {RegenMP Dex+3}
 98168 | Zig:1    | Entered Level 1 of a ziggurat
 98215 | Zig:2    | Entered Level 2 of a ziggurat
 98229 | Zig:2    | Identified Wauroef's Volume of the Feathery Rocks
 98249 | Zig:3    | Entered Level 3 of a ziggurat
 98269 | Zig:3    | Identified the Volume of Cold and Creation
 98276 | Zig:4    | Entered Level 4 of a ziggurat
 98291 | Zig:4    | Got a heavy robe
 98302 | Zig:4    | Identified the +2 robe of Ezevif {rF+ Will+} (You found it
                  | on level 4 of a ziggurat)
 98329 | Zig:5    | Entered Level 5 of a ziggurat
 98348 | Zig:5    | Identified the Collected Works on the Entourage and the
                  | Volcanoes
 98356 | Zig:5    | Got bloodstained pearl dragon scales
 98367 | Zig:5    | Identified the cursed +0 pearl dragon scales of the Fife
                  | {rF+ rN+ Will+ rCorr} (You found it on level 5 of a
                  | ziggurat)
 98380 | Zig:6    | Entered Level 6 of a ziggurat
 98399 | Zig:6    | Identified the Handbook of Transmutation and Attacks
 98413 | Zig:6    | Got a sparkling amethyst amulet
 98424 | Zig:6    | Identified the amulet "Kudaaqy" {Reflect rN+ SH+5 Stlth+}
                  | (You found it on level 6 of a ziggurat)
 98485 | Zig:7    | Entered Level 7 of a ziggurat
 98491 | Zig:7    | Found the amulet of the Air {Inacc +Fly rElec EV+5 RMsl}
 98492 | Zig:7    | Reached skill level 19 in Earth Magic
 98492 | Zig:7    | Noticed a juggernaut
 98494 | Zig:7    | Killed a juggernaut
 98549 | Zig:8    | Entered Level 8 of a ziggurat
 98570 | Zig:8    | Identified the Almanac of the Old World
 98579 | Zig:8    | Got a dazzling plate armour
 98614 | Zig:9    | Entered Level 9 of a ziggurat
 98622 | Zig:9    | Reached XP level 25. HP: 169/202 MP: 41/49
 98648 | Zig:9    | Got a ripped robe
 98659 | Zig:9    | Identified the cursed +0 robe "Jesurotyl" {Rampage Int+5}
                  | (You found it on level 9 of a ziggurat)
 98672 | Zig:9    | Got a twitching jade ring
 98673 | Zig:9    | Identified the ring of Plog {rN+ Str+6 Stlth+} (You found
                  | it on level 9 of a ziggurat)
 98708 | Zig:10   | Entered Level 10 of a ziggurat
 98715 | Zig:10   | Reached skill level 20 in Earth Magic
 98716 | Zig:10   | Found the cursed +13 scythe of Curses {drain, *Curse}
 98784 | Zig:11   | Entered Level 11 of a ziggurat
 98845 | Zig:12   | Entered Level 12 of a ziggurat
 98865 | Zig:12   | Reached skill level 21 in Earth Magic
 98865 | Zig:12   | Reached XP level 26. HP: 210/210 MP: 39/49
 98877 | Zig:12   | Got a slimy lead ring
 98878 | Zig:12   | Identified the ring of Ruyrphun {rC+ Int+5 Dex-2} (You
                  | found it on level 12 of a ziggurat)
 99010 | Zig:13   | Entered Level 13 of a ziggurat
 99066 | Zig:13   | Identified the Tome of Quantum Cold
 99080 | Zig:13   | Reached XP level 27. HP: 216/216 MP: 35/49
 99087 | Zig:13   | Got a dazzling kite shield
 99098 | Zig:13   | Identified the +2 kite shield "Owuagoce" {rF+ rN+++ Int+2
                  | Stlth-} (You found it on level 13 of a ziggurat)
 99106 | Zig:14   | Entered Level 14 of a ziggurat
 99118 | Zig:14   | Reached skill level 22 in Earth Magic
 99141 | Zig:14   | Got a vibrating brass ring
 99142 | Zig:14   | Identified the ring of Modesty {rF+ Stlth+} (You found it
                  | on level 14 of a ziggurat)
 99155 | Zig:14   | Got a steaming lead ring
 99156 | Zig:14   | Identified the ring of Immorality {Ice +Inv rPois MP-9}
                  | (You found it on level 14 of a ziggurat)
 99161 | Zig:14   | Got a distressingly furry chain mail
 99203 | Zig:15   | Entered Level 15 of a ziggurat
 99215 | Zig:15   | Reached skill level 23 in Earth Magic
 99252 | Zig:15   | HP: 41/216 [iron dragon/spray of metal splinters (43)]
 99257 | Zig:15   | HP: 40/216 [poisoned by a death drake (dark miasma)]
 99262 | Zig:15   | HP: 40/216 [poisoned by a death drake (dark miasma)]
 99267 | Zig:15   | HP: 41/216 [poisoned by a death drake (dark miasma)]
 99274 | Zig:15   | HP: 44/216 [poisoned by a death drake (dark miasma)]
 99281 | Zig:15   | Got a scintillating golden amulet
 99281 | Zig:15   | HP: 48/216 [poisoned by a death drake (dark miasma)]
 99282 | Zig:15   | Identified the amulet of Virtue {Reflect Int+6 SH+5} (You
                  | found it on level 15 of a ziggurat)
 99289 | Zig:15   | HP: 53/216 [poisoned by a death drake (dark miasma)]
 99297 | Zig:15   | Got a crude tin ring
 99298 | Zig:15   | Identified the cursed ring of Reylled {Str+5 Dex-4} (You
                  | found it on level 15 of a ziggurat)
 99309 | Zig:15   | Got a distressingly furry robe
 99320 | Zig:15   | Identified the +1 robe of Terror {rC++ Regen+} (You found
                  | it on level 15 of a ziggurat)
 99480 | Zig:16   | Entered Level 16 of a ziggurat
 99523 | Zig:16   | Got a pair of fine gloves
 99535 | Zig:16   | Identified the cursed +0 pair of gloves of the Robin {Harm}
                  | (You found it on level 16 of a ziggurat)
 99643 | Zig:17   | Entered Level 17 of a ziggurat
 99656 | Zig:17   | HP: 37/216 [iron giant/+0 giant spiked club (44)]
 99665 | Zig:17   | Reached skill level 24 in Earth Magic
 99666 | Zig:17   | HP: 35/216 [iron giant/iron shot (76)]
 99684 | Zig:17   | Reached skill level 17 in Spellcasting
 99685 | Zig:17   | Identified Sif Muna's Compendium of Mutagenic Clay
 99690 | Zig:17   | Got a faintly glowing lapis lazuli ring
 99691 | Zig:17   | Identified the ring "Usteceirr" {rC+ MP+9} (You found it on
                  | level 17 of a ziggurat)
 99878 | Zig:18   | Entered Level 18 of a ziggurat
 99890 | Zig:18   | Found the +7 great mace "Undeadhunter" {disrupt, rN+}
 99891 | Zig:18   | Reached skill level 18 in Spellcasting
 99921 | Zig:18   | Got a spiked leather armour
 99935 | Zig:18   | Identified the cursed +1 leather armour "Neces" {rElec
                  | Int+4} (You found it on level 18 of a ziggurat)
 99960 | Zig:18   | Acquired 689 gold pieces
 99968 | Zig:18   | Identified the Guide on Congealing Displacement
 99970 | Zig:18   | Reached skill level 19 in Spellcasting
 99973 | Zig:18   | Got a dazzling scale mail
100107 | Zot:1    | Entered Level 1 of the Realm of Zot
100588 | Zot:1    | HP: 54/216 [red draconian/+0 dire flail (22)]
100596 | Zot:1    | HP: 49/216 [red draconian/+0 dire flail (16)]
100600 | Zot:1    | HP: 23/216 [red draconian/+0 dire flail (31)]
101025 | Zot:1    | You fall into a shaft and drop 1 floor!
101195 | Zot:1    | Identified Ijoeroq's Collected Works on Glacial Moulding
101831 | Zot:2    | Reached skill level 20 in Spellcasting
101990 | Zot:2    | HP: 52/218 [golden dragon/blast of poison (16)]
101991 | Zot:2    | HP: 24/218 [electric golem/bolt of lightning (11)]
101996 | Zot:1    | HP: 20/218 [poisoned by a golden dragon (blast of poison)]
102001 | Zot:1    | HP: 20/218 [poisoned by a golden dragon (blast of poison)]
102006 | Zot:1    | HP: 20/218 [poisoned by a golden dragon (blast of poison)]
102012 | Zot:1    | HP: 22/218 [poisoned by a golden dragon (blast of poison)]
102018 | Zot:1    | HP: 25/218 [poisoned by a golden dragon (blast of poison)]
102026 | Zot:1    | HP: 30/218 [poisoned by a golden dragon (blast of poison)]
102275 | Zot:2    | Found the +8 Wrath of Trog {antimagic, *Rage}
102409 | Zot:2    | Reached skill level 13 in Fighting
103360 | Zot:3    | Noticed an orb of fire
103364 | Zot:3    | Killed an orb of fire
103717 | Zot:4    | Reached skill level 14 in Fighting
104045 | Zot:5    | Entered Level 5 of the Realm of Zot
104461 | Zot:5    | Found a runed translucent door.
104463 | Zot:5    | Noticed olmar's ghost (legendary DDFi)
104689 | Zot:5    | Reached skill level 15 in Fighting
105299 | Zot:5    | Noticed an ancient lich
105299 | Zot:5    | Noticed an orb of fire
105306 | Zot:5    | Noticed an ancient lich
105307 | Zot:5    | Killed an orb of fire
105308 | Zot:5    | Reached skill level 16 in Fighting
105308 | Zot:5    | Killed an ancient lich
105308 | Zot:5    | Killed an ancient lich
105457 | Zot:5    | Noticed an orb of fire
105458 | Zot:5    | Gained mutation: Armour fits poorly on your strangely
                  | shaped body. [an orb of fire]
105462 | Zot:5    | Killed an orb of fire
105536 | Zot:5    | Reached skill level 17 in Fighting
105782 | Zot:5    | Noticed an orb of fire
105917 | Zot:5    | Killed an orb of fire
106263 | Zot:5    | Noticed an ancient lich
106264 | Zot:5    | Killed an ancient lich
106265 | Zot:5    | Reached skill level 18 in Fighting
106305 | Zot:5    | Noticed an ancient lich
106309 | Zot:5    | Killed an ancient lich
106453 | Zot:5    | Reached skill level 19 in Fighting
106469 | Zot:5    | Noticed an ancient lich
106472 | Zot:5    | Killed an ancient lich
106475 | Zot:5    | Noticed an ancient lich
106479 | Zot:5    | Killed an ancient lich
106735 | Zot:5    | Got the Orb of Zot
106751 | Zot:5    | Noticed a seraph
106800 | Zot:4    | Noticed Xiloxtuo the pandemonium lord
106802 | Zot:4    | Killed Xiloxtuo the pandemonium lord
107316 | D:$      | Escaped with the Orb!

Illustrated notes

Levels and vault maps discovered:
D:1:      wander_arrival_peaceful_grave, layout_loops_ring
D:2:      layout_basic, lemuel_round_altar, zin_angel, uniq_jessica
D:3:      layout_rooms, vehumet_crystals, chequers_ecumenical_altar_simple,
          uniq_terence, uniq_natasha
D:4:      layout_rooms, kennysheep_mini_moat, minmay_temple_entry_glass,
          serial_corexii_hall, corexii_hall_statues_l, chequers_hall_statues_y,
          portal_sewer_entry_a, minivault_14, dk_noncrumbling_2,
          hangedman_decor_push, uniq_pikel, uniq_eustachio, uniq_edmund
D:5:      layout_gridville, uniq_sigmund
D:6:      layout_basic, grunt_temple_overflow_forces_of_nature, serial_shops,
          nicolae_shop_temple_entry_statues_fountains, kennysheep_nondescript,
          grunt_ministairs_14, uniq_grinder
D:7:      layout_cave_pools, enter_bailey_8, serial_shops,
          nicolae_shop_window_shopping, chequers_serial_rivers_micro_c,
          minivault_10
D:8:      layout_rooms, old_standard_altar, lemuel_doored_altar,
          nzn_hepliaklqana_mist_gate, gammafunk_ghost_wrathful_warriors,
          uniq_prince_ribbit1
D:9:      gammafunk_jiyva_shrine, layout_irregular_city, tgw_sif,
          minmay_orc_entry_temple_small, serial_shops, kennysheep_mini,
          uniq_psyche
D:10:     layout_loops_cross, serial_shops, shop, minmay_misc_feat_ornament
D:11:     layout_cave_pools, david_lair_shrubbed, grunt_decor_fettered,
          kennysheep_pointless_box, uniq_gastronok, uniq_erica
D:12:     layout_big_octagon, serial_shops, nicolae_shop_window_shopping,
          minivault_16
D:13:     layout_roguey, argonaut_gorgonesque
D:14:     layout_gridville, grunt_vaults_entry_tiered, minivault_27
D:15:     grunt_enter_depths_magical_seal, layout_basic, palyth_stone_intersect,
          grunt_ministairs_14
Lair:1:   beast_lair_carwin_large_2, layout_regular_city, serial_bayou,
          serial_bayou_crossing, serial_bayou_lagoon_b, serial_bayou_pond_e,
          serial_bayou_shore_b, ebering_ghost_xom
Lair:2:   layout_chaotic_city, swamp_mist_pool, worms_lemuel, uniq_nergalle
Lair:3:   layout_hall_layers, special_room [special_room_bee],
          beast_lair_carwin_2, grunt_megastairs_3, serial_bayou_shore_a
Lair:4:   layout_regular_city, guppyfry_snake_entry_island, grunt_megastairs_1,
          uniq_nessos
Lair:5:   layout_cave_pods, uniq_snorg
Lair:6:   cheibrodos_lair_end_hotspot, layout_gridlike,
          nicolae_slime_entry_slimehenge, serial_bayou_shore_b,
          serial_bayou_shore_b, infiniplex_staircase_pool,
          minmay_lair_oklob_chamber
Swamp:1:  layout_basic_swamp, hangedman_swamp_diagram, swamp_pool1,
          nicolae_swamp_snake_nest
Swamp:2:  layout_basic_swamp, evilmike_swamp_ruin_house_2, swamp_pool1,
          cheibrodos_swamp_pet_leeches
Swamp:3:  layout_falls_marsh, evilmike_swamp_ruin_house_4
Swamp:4:  grunt_swamp_rune_castle, layout_basic_swamp, swamp_pool1,
          uniq_bai_suzhen
Snake:1:  layout_rooms, uniq_kirke
Snake:2:  layout_grid_maze, drop_trap, lemuel_fruit_tree, uniq_jorgrun
Snake:3:  layout_layer_cave, serial_shops, shop_statue
Snake:4:  snake_pit, layout_grid_maze
Slime:1:  layout_caves
Slime:2:  layout_caves
Slime:3:  cheibrodos_slime_lost_civilization_8, layout_caves, dissolution_awaits
Slime:4:  layout_caves
Slime:5
Orc:1:    layout_caves, serial_shops, shop, nicolae_orc_stony_grotto
Orc:2:    st_orc_mages, layout_caves, basic_altar, hangedman_feature_mirror,
          guppyfry_orc_lava_fort
Elf:1:    eino_elf_arrival_shootout, layout_loops_corners,
          nicolae_trove_entry_diagonal, serial_shops, shop,
          minmay_elf_annihilation
Elf:2:    layout_geoelf_octagon
Elf:3:    minmay_elf_hall_four_x, layout_geoelf_octagon,
          portal_ice_cave_entry_pillars_2, ebering_ghost_xom, minivault_5,
          drop_trap
Vaults:1: vaults_standard_mumra_x, vaults_standard_mumra_enter_the_diamond,
          hangedman_vaults_capsules, vaults_mumra_hex, vaults_room_door_hall,
          v_misc_30, vaults_room_grid, nicolae_vaults_little_ls,
          hangedman_vaults_corner_blocks, vaults_dpeg_encased_lava,
          vaults_room_pool, layout_vaults_omnibox, basic_altar, serial_shops,
          shop, uniq_saint_roka
Vaults:2: v_misc_5, vaults_room_fours, nicolae_vaults_what_the_h,
          vaults_dpeg_hooks, nicolae_vaults_border_crossing, v_misc_2,
          vaults_dpeg_diagonal, ontoclasm_vaults_hangar, v_rooms_6, v_misc_24,
          serial_ice_m, v_misc_25, vaults_room_ringed_pool,
          vaults_room_semicircle, ontoclasm_vaults_gallery, v_misc_19,
          layout_vaults_maze_bifur
Vaults:3: v_misc_18, v_misc_2, ontoclasm_vaults_ligature, grunt_vaults_swirl,
          minmay_crypt_entry_simple_round, hangedman_vaults_hat,
          vaults_room_stairs_pillars, v_pattern_1, grunt_vaults_twisty,
          layout_vaults_ring, serial_shops, bzr_entry_safe
Vaults:4: vaults_room_grunt_arrival_checkpoint,
          vaults_mumra_minichess_inversion, vaults_standard_mumra_lines,
          dpeg_vaults_pockets_of_resistance, v_misc_4, v_misc_23,
          nicolae_vaults_little_squares_6, v_misc_9, nicolae_vaults_rhombus_5,
          ontoclasm_vaults_idyll, vaults_dpeg_ring, serial_ice_b,
          layout_vaults_big_room, uniq_mara
Vaults:5: serial_shops
Depths:1: layout_long_grid, minmay_fountain_box,
          grunt_hell_entry_demonic_statue, hangedman_eye_storm, minmay_shoptagon
Depths:2: gold_lair_mu, layout_honeycomb, enter_ziggurat_f,
          nrook_mini_backslash, hell_entry, minmay_room_of_horrors,
          minmay_staircase_statues
Depths:3: mu_elemental_laboratory, layout_cave_pools, rand_demon_pan_entry_8,
          hell_entry, serial_shops, shop, infiniplex_staircase_diamond,
          minmay_shop_grove, uniq_frederick, uniq_nikola
Depths:4: giant_chief_lemuel, layout_cave_pools, abyss_entry,
          grunt_decor_one_mirror, hell_entry, chequers_serial_rivers_small_3,
          minivault_16, kb_rosetta, uniq_enchantress
Depths:5: grunt_twist_and_shout, layout_cave_shapes, minmay_misc_feat_cross,
          hell_entry, uniq_sojobo
Zot:1:    layout_gridlike
Zot:2:    layout_cathedral_of_symmetry
Zot:3:    layout_basic, hangedman_elemental_corridor
Zot:4:    kennysheep_six_static_rooms, layout_basic, basic_altar
Zot:5:    layout_misc_corridors, gammafunk_ghost_grave,
          hangedman_zot_decor_tridents

Skill      XL: |  1  2  3  4  5  6  7  8  9 10 11 12 13 14 15 16 17 18 19 20 21 22 23 24 25 26 27 |
---------------+----------------------------------------------------------------------------------+-----
Transmutations | 1 |  1.0
Dodging        | 2 3 5 8 |  8.0
Spellcasting   | 2 3 4 5 6 8 9 10 12 13 15 16 20 | 20.0
Poison Magic   | 3 4 5 6 7 8 10 | 10.0
Fighting       | 1 2 3 5 8 9 10 12 19 | 19.8
Conjurations   | 1 2 3 5 8 9 10 | 10.0
Air Magic      | 1 2 3 |  3.0
Armour         | 1 2 3 5 7 8 |  8.0
Polearms       | 2 |  2.0
Evocations     | 3 5 8 |  8.0
Slings         | 4 6 |  6.0
Shields        | 4 6 10 11 14 15 | 15.0
Earth Magic    | 1 5 7 8 11 15 19 21 24 | 24.0
Fire Magic     | 5 8 9 12 14 15 16 18 19 20 | 20.0
Maces & Flails | 4 8 9 10 | 10.0
Necromancy     | 8 |  8.0
Stealth        | |  1.7

Action                   |  1- 3 |  4- 6 |  7- 9 | 10-12 | 13-15 | 16-18 | 19-21 | 22-24 | 25-27 || total
-------------------------+-------+-------+-------+-------+-------+-------+-------+-------+-------++-------
Melee: Whip              |    15 |       |       |       |       |       |       |       |       ||    15
       Short sword       |    22 |     8 |       |       |       |       |       |       |       ||    30
       Spear             |       |    47 |   121 |   289 |    29 |       |       |       |       ||   486
       Mace              |       |       |       |       |   296 |    71 |       |       |       ||   367
       Staff             |       |       |       |       |    81 |    46 |    13 |    94 |   111 ||   345
       Eveningstar       |       |       |       |       |       |     9 |   204 |   138 |    23 ||   374
 Fire: Hunting sling     |       |       |    60 |   440 |   515 |   342 |   383 |   184 |     6 ||  1930
Throw: Stone             |       |       |       |     2 |     1 |     2 |       |       |       ||     5
       Javelin           |       |       |       |       |       |       |       |     1 |       ||     1
 Cast: Sting             |    35 |    27 |     1 |       |       |       |       |       |       ||    63
       Poisonous Vapours |    16 |    50 |   122 |   128 |    69 |       |       |       |       ||   385
       Mephitic Cloud    |       |     1 |     9 |   103 |    38 |     1 |       |       |       ||   152
       Ignite Poison     |       |       |    14 |    97 |    81 |    46 |    30 |       |       ||   268
       Olgreb's Toxic Ra |       |       |    13 |    22 |   101 |    73 |    52 |       |       ||   261
       Fireball          |       |       |       |       |   132 |   304 |   110 |    76 |       ||   622
       Bolt of Magma     |       |       |       |       |    49 |    72 |    20 |       |       ||   141
       Borgnjor's Vile C |       |       |       |       |       |   111 |    98 |    68 |       ||   277
       Ignition          |       |       |       |       |       |       |    89 |   329 |   106 ||   524
       Iron Shot         |       |       |       |       |       |       |       |    85 |    73 ||   158
       Shatter           |       |       |       |       |       |       |       |       |    57 ||    57
 Abil: Stop Flying       |       |       |       |       |       |       |       |     2 |       ||     2
       Evoke Flight      |       |       |       |       |       |       |       |     1 |       ||     1
Evoke: Wand              |       |     3 |       |     2 |    15 |     4 |    24 |     2 |    10 ||    60
       Lightning rod     |       |       |       |     4 |     4 |     8 |       |       |       ||    16
       Condenser vane    |       |       |       |       |     1 |       |     1 |       |       ||     2
       Tin of tremorston |       |       |       |       |       |       |       |       |     2 ||     2
  Use: Potion            |     2 |     1 |       |       |     3 |     1 |       |     6 |    11 ||    24
       Scroll            |       |     9 |     7 |     6 |    15 |    18 |    12 |    13 |    26 ||   106
 Stab: Confused          |       |     1 |     2 |    10 |     1 |       |       |       |       ||    14
       Sleeping          |       |       |       |     1 |       |       |       |       |       ||     1
Armor: Robe              |     9 |     1 |       |       |       |       |       |    53 |    78 ||   141
       Leather armour    |       |    10 |    31 |    80 |    17 |       |       |       |       ||   138
       Quicksilver drago |       |       |       |       |   175 |   101 |   115 |       |       ||   391
       Ring mail         |       |       |       |       |    70 |    83 |       |       |       ||   153
Dodge: Dodged            |    33 |    34 |   111 |   286 |   428 |   223 |   148 |   143 |   133 ||  1539
Block: Buckler           |       |       |       |   143 |   258 |   107 |       |       |       ||   508
       Kite shield       |       |       |       |       |       |   156 |   339 |   323 |   198 ||  1016
       Reflection        |       |       |       |       |       |    26 |     3 |       |     5 ||    34

Table legend: (Time is in decaauts)
 A = Elapsed time spent in this place.
 B = Non-inter-level travel time spent in this place.
 C = Inter-level travel time spent in this place.
 D = Time resting spent in this place.
 E = Time spent auto-exploring this place.
 F = Levels seen in this place.
 G = Mean time per level.
                   A        B        C        D        E       F      G
               +--------+--------+--------+--------+--------+-----+--------+
         Total | 107542 |  98493 |   9049 |  30861 |  50222 |  76 | 1415.0 |
       Dungeon |  25472 |  21609 |   3863 |   5351 |  12528 |  15 | 1698.1 |
          Lair |  14989 |  13338 |   1651 |   3820 |   7385 |   6 | 2498.2 |
         Swamp |   6752 |   6353 |    399 |   2583 |   3038 |   4 | 1688.0 |
     Snake Pit |   8092 |   7714 |    378 |   1791 |   4699 |   4 | 2023.0 |
    Slime Pits |   2150 |   2060 |     90 |   1566 |     63 |   5 |  430.0 |
  Orcish Mines |   3281 |   2964 |    317 |    426 |   1865 |   2 | 1640.5 |
   Elven Halls |   7422 |   7059 |    363 |   1555 |   4190 |   3 | 2474.0 |
        Vaults |  12759 |  12001 |    758 |   3057 |   6855 |   5 | 2551.8 |
        Depths |  15169 |  14270 |    899 |   5531 |   6421 |   5 | 3033.8 |
           Zot |   6445 |   6119 |    326 |   3307 |   2061 |   5 | 1289.0 |
      Ziggurat |   1803 |   1803 |      0 |    696 |      0 |  18 |  100.2 |
        Bazaar |     93 |     93 |      0 |      0 |      0 |   1 |   93.0 |
         Sewer |    796 |    796 |      0 |    139 |    432 |   1 |  796.0 |
        Bailey |   1492 |   1492 |      0 |    598 |    445 |   1 | 1492.0 |
      Ice Cave |    820 |    820 |      0 |    439 |    240 |   1 |  820.0 |
               +--------+--------+--------+--------+--------+-----+--------+

Top non-repeatable levels by time:
Depths:2: 3904 daAuts
Vaults:4: 3639 daAuts
Depths:3: 3504 daAuts
  Lair:6: 3137 daAuts
    D:10: 2941 daAuts
   Elf:3: 2893 daAuts
Depths:4: 2800 daAuts
  Lair:4: 2778 daAuts
    D:15: 2685 daAuts
 Snake:4: 2652 daAuts
  Lair:1: 2636 daAuts
Depths:5: 2579 daAuts
Vaults:5: 2523 daAuts
   Zot:5: 2394 daAuts
Vaults:1: 2387 daAuts

Table legend:
 A = Kills in this place as a percentage of kills in entire the game.
 B = Kills by you in this place as a percentage of kills by you in the entire game.
 C = Kills by friends in this place as a percentage of kills by friends in the entire game.
 D = Other kills in this place as a percentage of other kills in the entire game.
 E = Experience gained in this place as a percentage of experience gained in the entire game.
 F = Experience gained in this place divided by the number of levels of this place that you have seen.
                   A       B       C       D       E      F
               +-------+-------+-------+-------+-------+----------------------
         Total | 100.0 | 100.0 |   N/A | 100.0 | 100.0 | 26232.4
       Dungeon |  16.4 |  16.5 |   N/A |  11.1 |   3.9 | 5129.0
          Lair |   8.7 |   8.6 |   N/A |  33.3 |   3.3 | 10854.3
         Swamp |   4.3 |   4.3 |   N/A |   0.0 |   4.1 | 20650.0
     Snake Pit |   4.8 |   4.8 |   N/A |   0.0 |   4.0 | 19922.2
    Slime Pits |   3.3 |   3.3 |   N/A |   0.0 |   4.1 | 16539.6
  Orcish Mines |   5.5 |   5.5 |   N/A |   0.0 |   0.9 | 8889.5
   Elven Halls |   5.8 |   5.8 |   N/A |  11.1 |   6.9 | 46045.3
        Vaults |  15.3 |  15.4 |   N/A |  11.1 |  18.3 | 73006.4
        Depths |  15.9 |  16.0 |   N/A |   0.0 |  19.2 | 76487.6
           Zot |   5.4 |   5.4 |   N/A |   0.0 |  17.8 | 70929.6
      Ziggurat |  11.5 |  11.5 |   N/A |  22.2 |  16.8 | 18651.1
         Sewer |   0.7 |   0.7 |   N/A |   0.0 |   0.0 | 222.0
        Bailey |   1.4 |   1.4 |   N/A |  11.1 |   0.1 | 2289.0
      Ice Cave |   0.9 |   0.9 |   N/A |   0.0 |   0.5 | 10350.0
               +-------+-------+-------+-------+-------+----------------------
